 Dungeon Crawl Stone Soup version 0.28-a0-1447-ga5a8893891 (webtiles) character file.

Game seed: 3869113470870584402

163 siradein the Magician (level 5, 0/38 HPs)
             Began as a Djinni Air Elementalist on Jan 11, 2022.
             Slain by a wight (14 damage)
             ... on level 4 of the Dungeon.
             The game lasted 00:07:27 (3188 turns).

siradein the Magician (Djinni Air Elementalist)     Turns: 3188, Time: 00:07:27

Health: 0/38       AC:  3    Str:  7    XL:     5   Next: 73%
Gold:   156        EV: 12    Int: 24    God:
                   SH:  0    Dex: 14

rFire   + + .      SeeInvis .   i - +2 demon blade (venom)
rCold   . . .      Faith    .   (no shield)
rNeg    . . .      Spirit   .   h - +0 leather armour
rPois   ∞          Reflect  .   (no helmet)
rElec   .          Harm     .   (no cloak)
rCorr   .          Rampage  .   (no gloves)
Will    .....                   (boots unavailable)
Stlth   ++........              (no amulet)
HPRegen 0.12/turn               f - +6 ring of intelligence
MPRegen 0.00/turn               o - ring of protection from cold

@: flying
A: sickness immunity, fire resistance 2, cold vulnerability 1, float, innate
caster, hp casting, extra vitality 1
a: no special abilities


You were on level 4 of the Dungeon.
You visited 1 branch of the dungeon, and saw 4 of its levels.

You collected 156 gold pieces.

Inventory:

Hand Weapons
 i - a +2 demon blade of venom (weapon)
Armour
 h - a +0 leather armour (worn)
Magical Staves
 g - a staff of cold
Jewellery
 f - a +6 ring of intelligence (left hand)
 o - a ring of protection from cold (right hand)
Scrolls
 b - 3 scrolls of teleportation {unknown}
 e - a scroll of identify {unknown}
 m - a scroll of blinking {unknown}
 n - a scroll of noise {unknown}
 q - a scroll of vulnerability {unknown}
Potions
 a - 2 potions of haste {unknown}
 c - a potion of might {unknown}
 d - a potion of lignification {unknown}
 j - 3 potions of curing {unknown}
 k - a potion of berserk rage {unknown}
 l - 3 potions of heal wounds {unknown}
 p - a potion of cancellation {unknown}
 r - a potion of ambrosia {unknown}


   Skills:
 + Level 2.1 Fighting
 + Level 1.1 Long Blades
 + Level 3.4 Dodging
 - Level 1.5 Stealth
 * Level 3.5 Spellcasting


You couldn't memorise any spells.
You knew the following spells:

 Your Spells              Type           Power      Damage    Failure   Level
a - Shock                 Conj/Air       84%        1d8       3%          1
b - Static Discharge      Conj/Air       21%        N/A       5%          2
c - Swiftness             Air            21%        N/A       11%         3
d - Airstrike             Air            10%        N/A       34%         4
e - Animate Skeleton      Necr           42%        N/A       3%          1
f - Passwall              Tmut/Erth      17%        N/A       5%          2
Your spell library was empty.

Dungeon Overview and Level Annotations

Branches:
Dungeon (4/15)
 Temple: D:4-7

Altars:
Fedhas
Gozag

Shops:
D:1 *


Innate Abilities, Weirdness & Mutations

You are immune to sickness and miasma.
You are immune to poison.
Your flesh is very heat resistant. (rF++)
You are vulnerable to cold. (rC-)
You float through the air rather than walking.
You learn spells naturally, not from books.
Your magical power is your life essence.
You have superior vitality. (+4 MHP)


Message History

The power to cast Passwall wells up from within.
Spell assigned to 'f'.
You see here a +0 club.
Things that are here:
a +0 giant spiked club; an ogre corpse You see here a +0 club.
There is a stone staircase leading up here.
You reach down and open the door.
There is an open door here.
A wight comes into view. It is wielding a +1 great sword.
The zap hits the wight.
The wight is lightly damaged.
The zap hits the wight.
The wight is lightly damaged.
The zap misses the wight.
The zap misses the wight.
The zap hits the wight.
The wight is heavily damaged.
The zap hits the wight.
The wight is severely damaged.
You hit the wight.
The wight is severely damaged.
The wight closely misses you.
The wight hits you with a +1 great sword.
You hit the wight but do no damage.
The wight is severely damaged.
The wight misses you.
You closely miss the wight.
The wight is severely damaged.
The wight hits you with a +1 great sword!
You are too injured to fight recklessly!
Casting: Shock (safe; 3% risk of failure)
Confirm with . or Enter, or press ? or * to list all spells.
Aiming: Shock (safe; 3% risk of failure)
Press: ? - help, Shift-Dir - straight line, f/p - wight
Aim: a wight, wielding a +1 great sword and wearing a +0 robe (severely damaged, 74% to hit)
The zap hits the wight.
The wight is almost destroyed.
The wight hits you with a +1 great sword!
You die...

#.# #. #.# #.. #.# #..
#.# #.. #.# #.# #.#
#.######### #.#
#.#.#.#.#.### #@#
#...........# #z#######
#.#.#.#.#.#.####........
..#########......#######
..#########......#
................>#
####'#...........# #
#.#...........# #
#.#...........#


You could see a wight.

Vanquished Creatures
  An ogre (D:4)
  An adder skeleton (D:4)
  A worm (D:2)
  2 dart slugs
  An orc (D:3)
  6 ball pythons
  7 bats
  5 endoplasms
  3 giant cockroaches
  6 goblins
  4 hobgoblins
  3 jackals (D:1)
  11 kobolds
  7 quokkas
  A frilled lizard (D:1)
  5 rats
64 creatures vanquished.

Notes
Turn   | Place    | Note
-------+----------+-------------------------------------------
     0 | D:1      | siradein the Djinni Air Elementalist began the quest for
                  | the Orb.
     0 | D:1      | Reached XP level 1. HP: 15/15 MP: 0/0
   230 | D:1      | Reached XP level 2. HP: 18/22 MP: 0/0
   765 | D:1      | Reached XP level 3. HP: 22/26 MP: 0/0
   765 | D:1      | Learned a level 1 spell: Animate Skeleton
   846 | D:1      | Reached skill level 1 in Fighting
  1006 | D:1      | Found Naxiakhle's General Store.
  1267 | D:1      | You are sucked into a shaft and drop 1 floor!
  1416 | D:2      | Found a blossoming altar of Fedhas.
  1539 | D:2      | Found a faded altar of an unknown god.
  1589 | D:2      | Reached XP level 4. HP: 32/32 MP: 0/0
  2722 | D:4      | Found an opulent altar of Gozag.
  2974 | D:4      | Noticed an ogre
  3001 | D:4      | Killed an ogre
  3002 | D:4      | Reached skill level 1 in Long Blades
  3002 | D:4      | Reached XP level 5. HP: 21/38 MP: 0/0
  3002 | D:4      | Learned a level 2 spell: Passwall
  3188 | D:4      | Slain by a wight

Illustrated notes

Levels and vault maps discovered:
D:1:      ncdulo_wetmaze, layout_loops_cross, serial_shops,
          nicolae_shop_window_shopping, minmay_tetromino_t4
D:2:      layout_basic, basic_altar, hellmonk_ecumenical_altar_arch_garden,
          st_stairs_2, minmay_misc_feat_four_crosses
D:3:      layout_loops_cross, corexii_leaking_fountain
D:4:      minmay_chambers_of_twos, layout_basic, grunt_gozag_statues,
          minmay_misc_feat_plants, minmay_misc_feat_hallway,
          minmay_shop_enchanted_jewellery, moated_statue

Skill      XL: |  1  2  3  4 |
---------------+-------------+-----
Fighting       | 1 2 |  2.1
Spellcasting   | 3 |  3.5
Dodging        | 3 |  3.4
Long Blades    | 1 |  1.1
Stealth        | |  1.5

Action                   |  1- 3 |  4- 6 || total
-------------------------+-------+-------++-------
Melee: Demon blade       |     5 |    15 ||    20
       Punch             |       |     1 ||     1
 Cast: Shock             |    71 |    48 ||   119
       Animate Skeleton  |     1 |       ||     1
Armor: Robe              |     1 |       ||     1
       Leather armour    |       |     5 ||     5
Dodge: Dodged            |     7 |     8 ||    15

Table legend: (Time is in decaauts)
 A = Elapsed time spent in this place.
 B = Non-inter-level travel time spent in this place.
 C = Inter-level travel time spent in this place.
 D = Time resting spent in this place.
 E = Time spent auto-exploring this place.
 F = Levels seen in this place.
 G = Mean time per level.
                   A        B        C        D        E       F      G
               +--------+--------+--------+--------+--------+-----+--------+
         Total |   3191 |   3072 |    119 |      0 |   2675 |   4 |  797.8 |
       Dungeon |   3191 |   3072 |    119 |      0 |   2675 |   4 |  797.8 |
               +--------+--------+--------+--------+--------+-----+--------+

Top non-repeatable levels by time:
     D:1: 1393 daAuts
     D:3: 728 daAuts
     D:4: 540 daAuts
     D:2: 529 daAuts
